 Dungeon Crawl Stone Soup version 0.26-a0-818-g75db068ed4 (webtiles) character file.

Game seed: 14280912034433519129

402 sahdkjhfkaj the Covert (level 7, -1/41 HPs)
             Began as a Kobold Berserker on Nov 14, 2020.
             Was a Believer of Trog.
             Slain by a quasit (2 damage)
             ... on level 5 of the Dungeon.
             The game lasted 00:03:36 (3802 turns).

sahdkjhfkaj the Covert (Kobold Berserker)           Turns: 3802, Time: 00:03:37

Health: -1/41      AC:  2    Str: 15      XL:     7   Next: 11%
Magic:  7/7        EV: 14    Int:  8      God:    Trog [**....]
Gold:   173        SH:  0    Dex:  9 (16) Spells: 6/6 levels left

rFire    . . .     SeeInvis .   c - +0 dagger
rCold    . . .     Faith    .   (shield restricted)
rNeg     . . .     Spirit   .   b - +0 animal skin
rPois    .         Reflect  .   (no helmet)
rElec    .         Harm     .   (no cloak)
rCorr    .         Rampage  .   (no gloves)
MR       .....                  (no boots)
Stlth    +++++.....             (no amulet)
HPRegen  0.13/turn              (no ring)
MPRegen  0.10/turn              (no ring)

@: mighty, berserk cooldown, slowed, very slow
A: small, nightstalker 3
a: Berserk, Trog's Hand, Renounce Religion


You were on level 5 of the Dungeon.
You worshipped Trog.
Trog was pleased with you.
You visited 1 branch of the dungeon, and saw 4 of its levels.

You collected 173 gold pieces.

Inventory:

Hand Weapons
 c - a +0 dagger (weapon)
Armour
 b - a +0 animal skin (worn)
Wands
 l - a wand of digging (7)
Scrolls
 a - 3 scrolls of immolation {!r}
 g - a scroll of magic mapping {!r}
 h - a scroll of teleportation {!r}
 j - a scroll of blinking {!r, unknown}
 k - a scroll of noise {!r, unknown}
Potions
 e - a potion of brilliance {!q, unknown}
 f - 2 potions of degeneration {!q, unknown}
 i - a potion of heal wounds {!q, unknown}


   Skills:
 - Level 3.2 Fighting
 - Level 4.0 Short Blades
 - Level 1.5 Armour
 - Level 2.4 Dodging
 + Level 9.6 Stealth


You had 6 spell levels left.
You didn't know any spells.
Your spell library was empty.

Dungeon Overview and Level Annotations

Branches:
Dungeon (3/15)

Altars:
Zin


Innate Abilities, Weirdness & Mutations

You are small and have problems with some larger weapons.
You are completely attuned to the shadows.


Message History

* * * LOW HITPOINT WARNING * * *
The quasit completely misses you. x2
The quasit claws you but does no damage.
Unknown command.
Really quaff
d - a potion of might {!q}?
You feel very mighty all of a sudden. The giant cockroach bites you.
* * * LOW HITPOINT WARNING * * *
The quasit bites you.
* * * LOW HITPOINT WARNING * * *
The quasit closely misses you. The quasit claws you.
* * * LOW HITPOINT WARNING * * *
The quasit bites you.
* * * LOW HITPOINT WARNING * * *
The quasit claws you but does no damage.
The quasit closely misses you. The giant cockroach misses you.
You barely miss the quasit.
The quasit is lightly wounded.
The quasit bites you.
You die...

#...........#
............##
.............##
..............#
..............#
..... ...(...##
...
.......#######
. ........B....
. .......@5....
. ........#####
# .....### ....
..


You could see a quasit and a giant cockroach.

Vanquished Creatures
  Edmund (D:5)
  2 phantoms (D:5)
  5 adders (D:2)
  2 ufetubi (D:5)
  An ooze (D:2)
  3 worms
  A dart slug (D:2)
  A leopard gecko (D:2)
  2 giant cockroaches
  4 goblins
  5 hobgoblins
  2 jackals (D:2)
  2 quokkas (D:2)
  6 bats
  A frilled lizard (D:1)
  9 kobolds
  2 rats
49 creatures vanquished.

Notes
Turn   | Place    | Note
-------+----------+-------------------------------------------
     0 | D:1      | sahdkjhfkaj the Kobold Berserker began the quest for the
                  | Orb.
     0 | D:1      | Reached XP level 1. HP: 14/14 MP: 1/1
    89 | D:1      | Reached skill level 1 in Stealth
   293 | D:1      | Reached skill level 2 in Stealth
   293 | D:1      | Reached XP level 2. HP: 19/19 MP: 2/2
  1112 | D:2      | Reached skill level 3 in Stealth
  1375 | D:2      | Reached XP level 3. HP: 9/23 MP: 3/3
  1716 | D:2      | Reached skill level 4 in Stealth
  1753 | D:2      | Found a glowing silver altar of Zin.
  2200 | D:2      | Reached ** piety under Trog
  2429 | D:2      | Reached XP level 4. HP: 28/28 MP: 4/4
  2487 | D:2      | Reached skill level 5 in Stealth
  2755 | D:2      | Reached skill level 6 in Stealth
  3044 | D:2      | Reached XP level 5. HP: 30/32 MP: 5/5
  3474 | D:3      | You fall into a shaft and drop 2 floors!
  3474 | D:5      | Entered Level 5 of the Dungeon
  3483 | D:5      | Noticed Edmund
  3574 | D:5      | Killed Edmund
  3575 | D:5      | Reached skill level 8 in Stealth
  3575 | D:5      | Reached XP level 6. HP: 37/37 MP: 6/6
  3731 | D:5      | Noticed a phantom
  3735 | D:5      | Killed a phantom
  3736 | D:5      | Reached skill level 9 in Stealth
  3765 | D:5      | Noticed a phantom
  3794 | D:5      | Killed a phantom
  3795 | D:5      | Reached XP level 7. HP: 30/41 MP: 7/7
  3801 | D:5      | HP: 1/41 [quasit (3)]
  3802 | D:5      | Slain by a quasit

Illustrated notes

Levels and vault maps discovered:
D:1:      saegor_arrival_simple_b, layout_loops_ring
D:2:      layout_rooms, lemuel_doored_altar
D:3:      layout_loops_ring
D:5:      layout_layer_cave, enter_ossuary_2, uniq_edmund

Skill      XL: |  1  2  3  4  5  6 |
---------------+-------------------+-----
Stealth        | 2 3 4 6 8 9 |  9.6
Fighting       | |  3.2
Short Blades   | |  4.0
Armour         | |  1.5
Dodging        | |  2.4

Action                   |  1- 3 |  4- 6 |  7- 9 || total
-------------------------+-------+-------+-------++-------
Melee: Short sword       |    15 |       |       ||    15
       Dagger            |    98 |   119 |     7 ||   224
Invok: Berserk           |     6 |     7 |       ||    13
       Trog's Hand       |     1 |       |       ||     1
  Use: Scroll            |     3 |     2 |       ||     5
       Potion            |       |       |     1 ||     1
 Stab: Sleeping          |     5 |     7 |       ||    12
Armor: Animal skin       |    15 |    37 |     6 ||    58
Dodge: Dodged            |    90 |   140 |    20 ||   250

Table legend: (Time is in decaauts)
 A = Elapsed time spent in this place.
 B = Non-inter-level travel time spent in this place.
 C = Inter-level travel time spent in this place.
 D = Time resting spent in this place.
 E = Time spent auto-exploring this place.
 F = Levels seen in this place.
 G = Mean time per level.
                   A        B        C        D        E       F      G
               +--------+--------+--------+--------+--------+-----+--------+
         Total |   3862 |   3812 |     50 |   1582 |   1817 |   4 |  965.5 |
       Dungeon |   3862 |   3812 |     50 |   1582 |   1817 |   4 |  965.5 |
               +--------+--------+--------+--------+--------+-----+--------+

Top non-repeatable levels by time:
     D:2: 1879 daAuts
     D:1: 1314 daAuts
     D:3: 340 daAuts
     D:5: 328 daAuts
